 Dungeon Crawl Stone Soup version 0.23.2-40-g277498a001 (webtiles) character file.

Game seed: 5558997032053520037

4119 FishyPogo the Insei (level 10, -6/81 HPs)
             Began as a Naga Transmuter on Aug 16, 2019.
             Was an Initiate of Hepliaklqana.
             Mangled by Grum
             ... wielding a +1 spear of freezing
              (15 damage)
             ... on level 8 of the Dungeon.
             The game lasted 00:42:08 (7495 turns).

FishyPogo the Insei (Naga Transmuter)               Turns: 7495, Time: 00:42:08

Health: -6/81      AC:  7    Str: 13    XL:     10   Next: 27%
Magic:  17/17      EV: 12    Int: 15    God:    Hepliaklqana [......]
Gold:   418        SH:  0    Dex: 13    Spells: 4/18 levels left

rFire    + . .     SeeInvis +     - Unarmed
rCold    . . .     Gourm    +   (no shield)
rNeg     + . .     Faith    .   H - +0 robe {rF+}
rPois    +         Spirit   .   g - +1 hat
rElec    .         Reflect  .   j - +0 cloak
rCorr    .         Harm     .   I - +0 pair of gloves
MR       ++...                  (no barding)
Stlth    +.........             B - amulet of the gourmand
HPRegen  0.23/turn              l - ring of positive energy
MPRegen  0.15/turn              o - ring of protection from magic

@: confused, very slow
A: large, reduced essence, see invisible, deformed body, poison resistance,
slowness 2, slow metabolism 1, spit poison 1, AC +3
a: Spit Poison, Recall Ancestor, Ancestor Identity, Renounce Religion


You were on level 8 of the Dungeon.
You worshipped Hepliaklqana.
Hepliaklqana was noncommittal.
You were completely stuffed.

You visited 2 branches of the dungeon, and saw 9 of its levels.
You also visited: Bailey.

You collected 418 gold pieces.

Inventory:

Hand Weapons
 f - the +5 spear "Naitys" {vamp, Str+6 Stlth-}
   (You found it on level 8 of the Dungeon)

   It inflicts no extra harm, but heals its wielder when it wounds a living foe.
   It affects your strength (+6).
   It makes you less stealthy.
Missiles
 a - 176 arrows
 k - 346 stones
 w - a throwing net
 E - 6 tomahawks (quivered)
Armour
 g - a +1 hat (worn)
 i - a scarf of resistance
 j - a +0 cloak (worn)
 H - a +0 robe of fire resistance (worn)
 I - a +0 pair of gloves (worn)
Jewellery
 l - a ring of positive energy (left hand)
 o - a ring of protection from magic (right hand)
 u - a +5 ring of strength
 B - an amulet of the gourmand (around neck)
Wands
 c - a wand of digging (4)
 A - a wand of polymorph (10)
 G - a wand of scattershot (2)
Scrolls
 e - 8 scrolls of identify
 m - 2 scrolls of noise {unknown}
 n - 4 scrolls of teleportation {unknown}
 p - 4 scrolls of amnesia {unknown}
 v - 2 scrolls of remove curse
Potions
 h - 3 potions of curing
 r - a potion of flight {unknown}
 t - a potion of lignification {unknown}
 D - a potion of brilliance {unknown}
Comestibles
 b - 7 chunks of flesh
 d - 14 rations


   Skills:
 - Level 5.7 Fighting
 * Level 0.7 Polearms
 + Level 5.0 Dodging
 - Level 7.2 Unarmed Combat
 * Level 4.9 Spellcasting
 * Level 0.8 Conjurations
 - Level 3.0 Necromancy
 + Level 7.0 Transmutations
 * Level 0.7 Air Magic
 * Level 5.2 Poison Magic


You had 4 spell levels left.
You knew the following spells:

 Your Spells              Type           Power        Failure   Level  Hunger
a - Mephitic Cloud        Conj/Pois/Air  ##......     21%         3    ###....
c - Vampiric Draining     Necr           ##........   14%         3    ###....
d - Beastly Appendage     Tmut           ###...       1%          1    None
e - Spider Form           Tmut/Pois      ###.......   4%          3    ###....
f - Ice Form              Ice/Tmut       ##......     36%         4    ####...

Your spell library contained the following spells:

 Spells                   Type           Power        Failure   Level  Hunger
 Sticks to Snakes         Tmut           ###.....     1%          2    ##.....
 Animate Skeleton         Necr           N/A          4%          1    None
 Pain                     Necr           ##..         4%          1    None
 Sting                    Conj/Pois      ##..         4%          1    None
 Poisonous Vapours        Pois/Air       ##....       8%          2    ##.....
 Olgreb's Toxic Radiance  Pois           ###.....     19%         4    ####...
 Regeneration             Chrm/Necr      #.........   26%         3    ###....
 Animate Dead             Necr           N/A          43%         4    ####...
 Blade Hands              Tmut           ###.......   26%         5    ######.
 Venom Bolt               Conj/Pois      ##........   78%         5    ######.


Dungeon Overview and Level Annotations

Branches:
Dungeon (8/15)             Temple (1/1) D:7
   Lair: D:8-11

Altars:
Ashenzari
Cheibriados
Dithmenos
Elyvilon
Fedhas
Gozag
Hepliaklqana
Kikubaaqudgha
Makhleb
Nemelex Xobeh
Okawaru
Qazlal
Ru
Sif Muna
Trog
Uskayaw
Vehumet
Xom
Yredelemnul
Zin
The Shining One

Annotations:
D:3 2 transporters, Hylith's ghost, amateur DrTm
D:6 2 exclusions
D:8 Grum


Innate Abilities, Weirdness & Mutations

You cannot wear boots.
Your serpentine skin is tough. (AC +3)
You have supernaturally acute eyesight. (SInv)
Armour fits poorly on your strangely shaped body.
Your system is resistant to poisons. (rPois)
You cover ground very slowly.
You have a slow metabolism.
You can spit poison.
Your life essence is reduced to manifest your ancestor. (-10% HP)


Message History

Grum is almost dead.
Grum hits you with a +1 spear of freezing.
* * * LOW HITPOINT WARNING * * *
Grum freezes you.
* * * LOW HITPOINT WARNING * * *
You hit Grum but do no damage.
Grum is almost dead.
Grum hits you with a +1 spear of freezing.
* * * LOW HITPOINT WARNING * * *
Grum freezes you.
* * * LOW HITPOINT WARNING * * *
You closely miss Grum.
Grum is almost dead.
Grum hits you with a +1 spear of freezing!
* * * LOW HITPOINT WARNING * * *
Grum freezes you.
* * * LOW HITPOINT WARNING * * *
You bump into the stone wall.
Grum hits you with a +1 spear of freezing!
You die...

#.########...#####***
#.###°°.##...#○§°°,**
#.##°°○§.#...#§§°☼,**
#.##.☼§°§#...#°°☼○,**
#.##§§☼°§#.8.#°☼○.,**
#.###§§☼##†..#☼§○§,**
#.########...#####***
#.########h''#####***
#.......@gh..#
##############


You could see Grum and 2 wolves.

Vanquished Creatures
  Grinder (D:6)
  A hippogriff (D:7)
  Sigmund (D:2)
  A human (D:7)
  3 hogs (D:7)
  Menkaure (D:6)
  2 black bears
  3 ogres
  2 phantoms
  A wolf (D:8)
  A crocodile (D:8)
  A centaur (D:8)
  Blork the orc (D:4)
  3 bullfrogs
  3 scorpions
  2 howler monkeys
  A crimson imp (D:5)
  2 bullfrog zombies
  4 hounds
  2 jellies
  5 orc priests
  A worker ant (D:3)
  Natasha (thrice) (D:3)
  8 orc wizards
  A hound zombie (D:5)
  2 howler monkey skeletons
  7 adders
  3 oozes
  An adder skeleton (D:4)
  2 worms (D:2)
  A dart slug (D:2)
  3 leopard geckos
  26 orcs
  2 ball pythons (D:1)
  6 bats
  3 giant cockroaches
  8 goblins
  2 hobgoblins
  11 jackals
  4 kobolds
  3 quokkas
  4 frilled lizards
  A jackal skeleton (D:7)
  A leopard gecko skeleton (D:6)
  A leopard gecko zombie (D:6)
  7 rats
152 creatures vanquished.

Vanquished Creatures (collateral kills)
  A hog (D:7)
  A sky beast (D:7)
  An eye of draining (D:8)
  A wolf (D:8)
  A bullfrog (D:8)
  2 howler monkeys (D:8)
  An orc wizard (D:7)
  An iguana (D:8)
  A shadow imp (D:7)
  2 orcs
  2 jackals (D:7)
14 creatures vanquished.

Vanquished Creatures (others)
  3 ancestors (D:8)
3 creatures vanquished.

Grand Total: 169 creatures vanquished

Notes
Turn   | Place    | Note
-------+----------+-------------------------------------------
     0 | D:1      | FishyPogo the Naga Transmuter began the quest for the Orb.
     0 | D:1      | Reached XP level 1. HP: 18/18 MP: 3/3
   219 | D:1      | Reached XP level 2. HP: 25/25 MP: 5/5
   859 | D:2      | Reached XP level 3. HP: 32/32 MP: 4/6
   864 | D:2      | Learned a level 3 spell: Spider Form
  1063 | D:2      | Reached skill level 1 in Poison Magic
  1063 | D:2      | Reached XP level 4. HP: 32/39 MP: 7/7
  1196 | D:2      | Noticed Sigmund
  1314 | D:2      | Killed Sigmund
  1314 | D:2      | Reached XP level 5. HP: 36/46 MP: 6/8
  1614 | D:3      | Found a transporter.
  1614 | D:3      | Noticed Hylith's ghost (amateur DrTm)
  1621 | D:3      | Noticed an ogre
  1625 | D:3      | Found a transporter.
  1641 | D:3      | Reached XP level 6. HP: 51/55 MP: 7/9
  1874 | D:3      | Noticed Natasha
  1881 | D:3      | Killed Natasha
  2043 | D:3      | Found a sparkling altar of Nemelex Xobeh.
  2260 | D:3      | Noticed Natasha
  2267 | D:3      | Killed Natasha
  2366 | D:3      | Noticed Natasha
  2377 | D:3      | Killed Natasha
  2621 | D:4      | Reached skill level 5 in Unarmed Combat
  2680 | D:4      | Noticed a phantom
  2691 | D:4      | Reached XP level 7. HP: 60/61 MP: 6/10
  2713 | D:4      | Learned a level 4 spell: Ice Form
  3535 | D:4      | Noticed Blork the orc
  3549 | D:4      | Killed Blork the orc
  3627 | D:5      | Entered Level 5 of the Dungeon
  3726 | D:5      | Reached XP level 8. HP: 68/69 MP: 6/11
  4092 | D:5      | Found an iron altar of Okawaru.
  4194 | D:5      | Found an opulent altar of Gozag.
  4265 | D:6      | Noticed Menkaure
  4312 | D:6      | Killed Menkaure
  4319 | D:6      | Reached skill level 5 in Transmutations
  4670 | D:6      | Noticed Grinder
  4689 | D:6      | Killed Grinder
  4931 | D:6      | Reached skill level 5 in Poison Magic
  5565 | D:7      | Reached XP level 9. HP: 53/78 MP: 10/12
  5743 | D:7      | Found a staircase to the Ecumenical Temple.
  5825 | Temple   | Entered the Ecumenical Temple
  6008 | Temple   | Became a worshipper of Hepliaklqana the Forgotten
  6262 | D:7      | Learned a level 3 spell: Vampiric Draining
  6274 | D:7      | Found a stormy altar of Qazlal.
  6411 | D:7      | Reached skill level 1 in Necromancy
  6617 | D:7      | Reached skill level 5 in Fighting
  7033 | D:8      | Reached XP level 10. HP: 74/79 MP: 10/16
  7166 | D:8      | Found a flagged portal.
  7173 | D:8      | Got a smoking spear
  7174 | D:8      | Identified the +5 spear "Naitys" {vamp, Str+6 Stlth-} (You
                  | found it on level 8 of the Dungeon)
  7214 | Bailey   | Entered a bailey
  7245 | D:8      | Reached skill level 5 in Dodging
  7327 | D:8      | Learned a level 3 spell: Mephitic Cloud
  7464 | D:8      | Found a sparkling altar of Nemelex Xobeh.
  7464 | D:8      | Noticed Grum
  7495 | D:8      | Mangled by Grum

Skill      XL: |  1  2  3  4  5  6  7  8  9 10 |
---------------+-------------------------------+-----
Dodging        | 2 3 4 5 |  5.0
Poison Magic   | 1 2 3 4 5 |  5.2
Fighting       | 2 3 4 5 |  5.7
Unarmed Combat | 4 5 6 7 |  7.2
Transmutations | 3 4 5 6 7 |  7.0
Necromancy     | 3 |  3.0
Spellcasting   | 4 |  4.9
Polearms       | |  0.7
Conjurations   | |  0.8
Air Magic      | |  0.7

Action                   |  1- 3 |  4- 6 |  7- 9 | 10-12 || total
-------------------------+-------+-------+-------+-------++-------
Melee: Unarmed           |    33 |    77 |   301 |    63 ||   474
       Headbutt          |     6 |     2 |    20 |       ||    28
       Punch             |       |     1 |     5 |       ||     6
       Spear             |       |       |       |     3 ||     3
Throw: Stone             |     3 |     6 |       |       ||     9
       Tomahawk          |       |       |     2 |       ||     2
 Cast: Beastly Appendage |    11 |     8 |    18 |     1 ||    38
       Spider Form       |       |     5 |    20 |     4 ||    29
 Abil: Spit Poison       |    24 |    27 |    26 |       ||    77
       End Transformatio |       |       |     2 |       ||     2
  Use: Scroll            |     2 |       |     7 |       ||     9
       Potion            |       |       |       |     2 ||     2
 Stab: Sleeping          |       |       |     1 |       ||     1
  Eat: Chunk             |     1 |     7 |    28 |     6 ||    42
Armor: Robe              |    10 |    15 |    38 |     2 ||    65
       Skin              |       |     2 |     5 |     3 ||    10
Dodge: Dodged            |    21 |    54 |   187 |    63 ||   325
